 Dungeon Crawl Stone Soup version 0.28.0-47-ge53b351184 (webtiles) character file.

Game seed: 2625621034185973653

183 seaoflcl the Slasher (level 5, -13/41 HPs)
             Began as a Human Fighter on May 2, 2022.
             Killed by divine providence
             ... invoked by an orc priest
              (15 damage)
             ... on level 3 of the Dungeon.
             The game lasted 00:02:36 (2489 turns).

seaoflcl the Slasher (Human Fighter)                Turns: 2489, Time: 00:02:36

Health: -13/41     AC:  8    Str: 18    XL:     5   Next: 94%
Magic:  5/5        EV:  9    Int:  9    God:
Gold:   62         SH:  4    Dex: 12    Spells: 4/4 levels left

rFire   . . .      SeeInvis .   a - +0 long sword
rCold   . . .      Faith    .   c - +0 buckler
rNeg    . . .      Spirit   .   b - +0 scale mail
rPois   .          Reflect  .   (no helmet)
rElec   .          Harm     .   (no cloak)
rCorr   .          Rampage  .   (no gloves)
Will    .....                   g - +1 pair of boots
Stlth   ..........              (no amulet)
HPRegen 0.13/turn               (no ring)
MPRegen 0.09/turn               (no ring)

@: mighty
A: no striking features
a: no special abilities


You were on level 3 of the Dungeon.
You visited 1 branch of the dungeon, and saw 3 of its levels.

You collected 62 gold pieces.

Inventory:

Hand Weapons
 a - a +0 long sword (weapon)
 f - a +0 short sword
Armour
 b - a +0 scale mail (worn)
 c - a +0 buckler (worn)
 g - a +1 pair of boots (worn)
Scrolls
 d - a scroll of enchant armour {unknown}
 e - a scroll of torment {unknown}
 h - a scroll of fog {unknown}
 j - a scroll of silence {unknown}
 k - a scroll of holy word {unknown}
 l - a scroll of magic mapping {unknown}
Potions
 i - a potion of mutation {unknown}
 m - a potion of haste {unknown}


   Skills:
 - Level 3.0 Fighting
 * Level 5.7 Long Blades
 - Level 3.0 Armour
 - Level 3.0 Shields


You had 4 spell levels left.
You didn't know any spells.
Your spell library contained the following spells:

 Spells                   Type           Power      Damage    Failure   Level
 Beastly Appendage        Tmut           0%         N/A       86%         1
 Wereblood                Tmut           0%         N/A       94%         2
 Spider Form              Tmut/Pois      0%         N/A       99%         3


Dungeon Overview and Level Annotations

Branches:
Dungeon (3/15)

Altars:

Annotations:
D:3 1 runed translucent door, Crazy Yiuf


Message History

The orc wizard shouts!
The orc shouts!
The orc wizard mumbles some strange words.
The orc wizard flickers and vanishes!
Deactivating autopickup; reactivate with Ctrl-A.
The orc priest looks satisfied for a moment.
You barely miss the orc priest.
The orc priest hits you with a +0 war axe.
You hit the orc priest.
The orc priest is moderately wounded.
The orc priest hits you with a +0 war axe.
You hit the orc priest.
The orc priest is moderately wounded.
The orc priest hits you but does no damage.
The orc priest hits you with a +0 war axe!
You hit the orc priest.
The orc priest is severely wounded.
You miss something.
The orc priest calls down the wrath of Beogh upon you.
Beogh smites you! Something hits you but does no damage.
You are too injured to fight recklessly!
You are too injured to fight recklessly!
You are too injured to fight recklessly!
You are too injured to fight recklessly!
You are too injured to fight recklessly!
You are too injured to fight recklessly!
You are too injured to fight recklessly!
You are too injured to fight recklessly!
You are too injured to fight recklessly!
You are too injured to fight recklessly!
You are too injured to fight recklessly!
You are too injured to fight recklessly!
You are too injured to fight recklessly!
You feel very mighty all of a sudden. Something hits you.
The orc priest calls down the wrath of Beogh upon you.
Beogh smites you!
* * * LOW HITPOINT WARNING * * *
The orc priest mumbles some strange prayers to Beogh against you.
Beogh smites you!
You die...

....... ..####### #.. #
#.. ### #.. #. ..# #.###
..#######.....
..##.........##########.#
..##............@..ooo..#
..##..........###########
..............#
..##..........#
..##.†........####
..##.............#
..##.........###.#
..##.........# #.#
####.........# #.#


You could see 2 orc priests and an orc.

Vanquished Creatures
  A hound (D:3)
  Jessica (D:3)
  An iguana (D:2)
  3 adders
  A white imp (D:3)
  An adder skeleton (D:3)
  A worm (D:3)
  5 dart slugs
  2 orcs (D:3)
  5 endoplasms
  2 giant cockroaches
  5 goblins
  2 hobgoblins
  4 jackals (D:1)
  4 kobolds
  A quokka (D:1)
  3 ball pythons (D:1)
  5 bats
  4 frilled lizards
  6 rats
57 creatures vanquished.

Notes
Turn   | Place    | Note
-------+----------+-------------------------------------------
     0 | D:1      | seaoflcl the Human Fighter began the quest for the Orb.
     0 | D:1      | Reached XP level 1. HP: 18/18 MP: 1/1
    53 | D:1      | Reached XP level 2. HP: 21/24 MP: 2/2
    62 | D:1      | Reached skill level 3 in Long Blades
   315 | D:1      | Found a faded altar of an unknown god.
   399 | D:1      | Reached XP level 3. HP: 20/29 MP: 3/3
  1102 | D:2      | Reached skill level 4 in Long Blades
  1102 | D:2      | Reached XP level 4. HP: 35/35 MP: 4/4
  1675 | D:3      | Noticed Jessica
  1694 | D:3      | HP: 1/35 [Jessica/nerve-wracking pain (12)]
  1695 | D:3      | Killed Jessica
  1696 | D:3      | Reached skill level 5 in Long Blades
  1696 | D:3      | Reached XP level 5. HP: 2/41 MP: 5/5
  2247 | D:3      | Found a runed translucent door.
  2248 | D:3      | Noticed Crazy Yiuf
  2488 | D:3      | HP: 2/41 [orc priest/divine providence (11)]
  2489 | D:3      | Killed from afar by an orc priest

Illustrated notes

Levels and vault maps discovered:
D:1:      dpeg_arrival_tiny_a, layout_basic, shapermc_ecumenical_altar_ellora
D:2:      layout_loops_cross
D:3:      layout_basic, uniq_jessica, uniq_crazy_yiuf_cottage

Skill      XL: |  1  2  3  4 |
---------------+-------------+-----
Long Blades    | 3 4 5 |  5.7
Fighting       | |  3.0
Armour         | |  3.0
Shields        | |  3.0

Action                   |  1- 3 |  4- 6 || total
-------------------------+-------+-------++-------
Melee: Long sword        |    58 |    90 ||   148
  Use: Potion            |       |     2 ||     2
Armor: Scale mail        |    21 |    46 ||    67
Dodge: Dodged            |    21 |    34 ||    55
Block: Buckler           |    12 |    16 ||    28
